 Dungeon Crawl Stone Soup version 0.29-a0-338-g1ff7896281 (webtiles) character file.

Game seed: 1313325939104479646

91 greenreed the Vexing (level 4, -1/34 HPs)
             Began as a Gnoll Arcane Marksman on Apr 17, 2022.
             Slain by a phantom (7 damage)
             ... on level 3 of the Dungeon.
             The game lasted 00:05:05 (1675 turns).

greenreed the Vexing (Gnoll Arcane Marksman)        Turns: 1675, Time: 00:05:05

Health: -1/34      AC:  2    Str: 12    XL:     4   Next: 59%
Magic:  8/8        EV: 13    Int: 12    God:
Gold:   41         SH:  0    Dex: 12    Spells: 8/9 levels left

rFire   . . .      SeeInvis .   e - +1 dagger (venom)
rCold   . . .      Faith    .   (no shield)
rNeg    . . .      Spirit   .   b - +0 robe
rPois   .          Reflect  .   (no helmet)
rElec   .          Harm     .   (no cloak)
rCorr   .          Rampage  .   (no gloves)
Will    .....                   (no boots)
Stlth   ++........              (no amulet)
HPRegen 0.11/turn               (no ring)
MPRegen 0.11/turn               (no ring)

@: no status effects
A: fangs 1, strong nose, distributed training
a: no special abilities


You were on level 3 of the Dungeon.
You visited 1 branch of the dungeon, and saw 3 of its levels.

You collected 41 gold pieces.

Inventory:

Hand Weapons
 a - a +0 shortbow
 e - a +1 dagger of venom (weapon)
Armour
 b - a +0 robe (worn)
Wands
 f - a wand of polymorph (8)
Scrolls
 c - 3 scrolls of vulnerability
 d - a scroll of immolation
 i - a scroll of amnesia {unknown}
 j - a scroll of blinking {unknown}
 l - 3 scrolls of identify {unknown}
Potions
 g - 2 potions of attraction {unknown}
 h - a potion of lignification {unknown}
 k - 2 potions of heal wounds {unknown}


   Skills:
 + Level 2.8 Fighting
 + Level 1.2 Short Blades
 + Level 1.2 Long Blades
 + Level 1.2 Axes
 + Level 1.2 Maces & Flails
 + Level 1.2 Polearms
 + Level 1.2 Staves
 + Level 1.2 Slings
 + Level 4.6 Bows
 + Level 1.2 Crossbows
 + Level 1.2 Throwing
 + Level 1.2 Armour
 + Level 4.6 Dodging
 + Level 1.2 Stealth
 + Level 1.2 Shields
 + Level 1.2 Unarmed Combat
 + Level 3.0 Spellcasting
 + Level 1.0 Conjurations
 + Level 5.5 Hexes
 + Level 1.0 Summonings
 + Level 1.0 Necromancy
 + Level 1.0 Translocations
 + Level 1.0 Transmutations
 + Level 1.0 Fire Magic
 + Level 1.0 Ice Magic
 + Level 1.0 Air Magic
 + Level 1.0 Earth Magic
 + Level 1.0 Poison Magic
 + Level 1.3 Invocations
 + Level 1.2 Evocations


You had 8 spell levels left.
You knew the following spells:

 Your Spells              Type           Power      Damage    Failure   Level
a - Slow                  Hex            60%        N/A       2%          1

Your spell library contained the following spells:

 Spells                   Type           Power      Damage    Failure   Level
 Inner Flame              Hex/Fire       9%         N/A       19%         3
 Portal Projectile        Hex/Tloc       18%        N/A       19%         3
 Cause Fear               Hex            7%         N/A       26%         4


Dungeon Overview and Level Annotations

Branches:
Dungeon (3/15)

Altars:


Innate Abilities, Weirdness & Mutations

You have very sharp teeth.
Your uncanny sense of smell can sniff out nearby items.
Your experience applies equally to all skills.


Message History

The phantom is heavily damaged.
The phantom misses you.
You shoot an arrow.
The arrow hits the phantom but does no damage.
The phantom is heavily damaged.
The phantom hits you.
You shoot an arrow. The arrow hits the phantom.
The phantom is severely damaged.
The phantom hits you.
You shoot an arrow. The arrow hits the phantom.
The phantom is severely damaged.
The phantom completely misses you. The phantom hits you.
The phantom blinks!
You blink.
Found a stone staircase leading down.
You are too injured to fight recklessly!
You are too injured to fight recklessly!
The phantom attacks as you move away! The phantom misses you.
Found a robe.
The phantom attacks as you move away! The phantom hits you.
Your +1 dagger of venom begins to drip with poison!
e - a +1 dagger of venom (weapon)
You closely miss the phantom. You bite the phantom.
The phantom is severely damaged.
A goblin comes into view. It is wielding a +0 club.
The phantom hits you.
The phantom blinks!
You blink.
The goblin moves out of view.
You closely miss the phantom.
The phantom is severely damaged.
The phantom hits you but does no damage.
You hit the phantom but do no damage.
The phantom is severely damaged.
The phantom hits you.
* * * LOW HITPOINT WARNING * * *
You hit the phantom but do no damage.
The phantom is severely damaged.
The phantom hits you.
* * * LOW HITPOINT WARNING * * *
The goblin shouts!
You hit the phantom.
The phantom is severely damaged.
The phantom hits you!
You die...

...............##
...............
##..........# ∆
#######...........#
..†...............#
.#...####.........##.#
#. #............#
###..#........#
#######...@###.##..
$g.g......W.....# >
#######......#.##
######..###.....
#.......# #.##[
...##..#.# .# ....##.#
. ##### #.# .. ##.#


You could see a phantom and a goblin.

Vanquished Creatures
  Jessica (D:2)
  3 adders
  A worm (D:3)
  3 dart slugs (D:1)
  2 endoplasms (D:2)
  A giant cockroach (D:2)
  4 goblins (D:1)
  2 hobgoblins (D:1)
  2 quokkas
  3 ball pythons
  A frilled lizard (D:2)
  7 kobolds
  3 rats
33 creatures vanquished.

Notes
Turn   | Place    | Note
-------+----------+-------------------------------------------
     0 | D:1      | greenreed the Gnoll Arcane Marksman began the quest for the
                  | Orb.
     0 | D:1      | Reached XP level 1. HP: 17/17 MP: 4/4
    58 | D:1      | Found a faded altar of an unknown god.
   219 | D:1      | Reached XP level 2. HP: 23/23 MP: 5/5
   671 | D:2      | Reached XP level 3. HP: 28/28 MP: 7/7
   714 | D:2      | Noticed Jessica
   874 | D:2      | Killed Jessica
   875 | D:2      | Reached skill level 1 in Short Blades
   875 | D:2      | Reached skill level 1 in Long Blades
   875 | D:2      | Reached skill level 1 in Axes
   875 | D:2      | Reached skill level 1 in Maces & Flails
   875 | D:2      | Reached skill level 1 in Polearms
   875 | D:2      | Reached skill level 1 in Staves
   875 | D:2      | Reached skill level 1 in Slings
   875 | D:2      | Reached skill level 1 in Crossbows
   875 | D:2      | Reached skill level 1 in Throwing
   875 | D:2      | Reached skill level 1 in Armour
   875 | D:2      | Reached skill level 1 in Stealth
   875 | D:2      | Reached skill level 1 in Shields
   875 | D:2      | Reached skill level 1 in Unarmed Combat
   875 | D:2      | Reached skill level 1 in Invocations
   875 | D:2      | Reached skill level 1 in Evocations
  1024 | D:1      | Reached XP level 4. HP: 30/34 MP: 8/8
  1611 | D:3      | Reached skill level 1 in Conjurations
  1611 | D:3      | Reached skill level 1 in Summonings
  1611 | D:3      | Reached skill level 1 in Necromancy
  1611 | D:3      | Reached skill level 1 in Translocations
  1611 | D:3      | Reached skill level 1 in Transmutations
  1611 | D:3      | Reached skill level 1 in Fire Magic
  1611 | D:3      | Reached skill level 1 in Ice Magic
  1611 | D:3      | Reached skill level 1 in Air Magic
  1611 | D:3      | Reached skill level 1 in Earth Magic
  1611 | D:3      | Reached skill level 1 in Poison Magic
  1654 | D:3      | Noticed a phantom
  1675 | D:3      | Slain by a phantom

Illustrated notes

Levels and vault maps discovered:
D:1:      minmay_arrival_solitary_statue, layout_rooms,
          hellmonk_ecumenical_altar_blasted
D:2:      layout_basic, uniq_jessica
D:3:      layout_rooms, serial_shops, nicolae_shop_stone,
          chequers_serial_rivers_micro_c

Skill      XL: |  1  2  3  4 |
---------------+-------------+-----
Short Blades   | 1 |  1.2
Long Blades    | 1 |  1.2
Axes           | 1 |  1.2
Maces & Flails | 1 |  1.2
Polearms       | 1 |  1.2
Staves         | 1 |  1.2
Slings         | 1 |  1.2
Crossbows      | 1 |  1.2
Throwing       | 1 |  1.2
Armour         | 1 |  1.2
Stealth        | 1 |  1.2
Shields        | 1 |  1.2
Unarmed Combat | 1 |  1.2
Invocations    | 1 |  1.3
Evocations     | 1 |  1.2
Spellcasting   | 3 |  3.0
Conjurations   | 1 |  1.0
Summonings     | 1 |  1.0
Necromancy     | 1 |  1.0
Translocations | 1 |  1.0
Transmutations | 1 |  1.0
Fire Magic     | 1 |  1.0
Ice Magic      | 1 |  1.0
Air Magic      | 1 |  1.0
Earth Magic    | 1 |  1.0
Poison Magic   | 1 |  1.0
Fighting       | |  2.8
Bows           | |  4.6
Dodging        | |  4.6
Hexes          | |  5.5

Action                   |  1- 3 |  4- 6 || total
-------------------------+-------+-------++-------
Melee: Unarmed           |    14 |       ||    14
       Dagger            |     6 |     5 ||    11
       Bite              |       |     1 ||     1
 Fire: Shortbow          |    69 |    54 ||   123
 Cast: Slow              |     6 |       ||     6
Armor: Robe              |     5 |     6 ||    11
Dodge: Dodged            |    37 |    14 ||    51

Table legend: (Time is in decaauts)
 A = Elapsed time spent in this place.
 B = Non-inter-level travel time spent in this place.
 C = Inter-level travel time spent in this place.
 D = Time resting spent in this place.
 E = Time spent auto-exploring this place.
 F = Levels seen in this place.
 G = Mean time per level.
                   A        B        C        D        E       F      G
               +--------+--------+--------+--------+--------+-----+--------+
         Total |   1702 |   1661 |     41 |    179 |   1142 |   3 |  567.3 |
       Dungeon |   1702 |   1661 |     41 |    179 |   1142 |   3 |  567.3 |
               +--------+--------+--------+--------+--------+-----+--------+

Top non-repeatable levels by time:
     D:1: 819 daAuts
     D:2: 788 daAuts
     D:3: 94 daAuts
